 Dungeon Crawl Stone Soup version 0.28.0-49-g6dfe1f597d (webtiles) character file.

Game seed: 10562264526270644734

44 Peloso the Covered (level 3, -5/33 HPs)
             Began as a Minotaur Fighter on May 18, 2022.
             Slain by Terence
             ... wielding a +0 morningstar
              (9 damage)
             ... on level 2 of the Dungeon.
             The game lasted 00:02:11 (1261 turns).

Peloso the Covered (Minotaur Fighter)               Turns: 1261, Time: 00:02:12

Health: -5/33      AC: 10    Str: 20    XL:     3   Next: 39%
Magic:  2/2        EV:  9    Int:  5    God:
Gold:   17         SH:  4    Dex: 11    Spells: 2/2 levels left

rFire   . . .      SeeInvis .   a - +0 long sword
rCold   . . .      Faith    .   c - +0 buckler
rNeg    . . .      Spirit   .   b - +0 scale mail
rPois   .          Reflect  .   (helmet restricted)
rElec   .          Harm     .   k - +2 cloak
rCorr   .          Rampage  .   (no gloves)
Will    .....                   (no boots)
Stlth   ..........              (no amulet)
HPRegen 0.11/turn               (no ring)
MPRegen 0.08/turn               (no ring)

@: no status effects
A: horns 2, retaliatory headbutt
a: no special abilities


You were on level 2 of the Dungeon.
You visited 1 branch of the dungeon, and saw 2 of its levels.

You collected 17 gold pieces.

Inventory:

Hand Weapons
 a - a +0 long sword (weapon)
Armour
 b - a +0 scale mail (worn)
 c - a +0 buckler (worn)
 k - a +2 cloak (worn)
Scrolls
 e - a scroll of identify {unknown}
 g - 2 scrolls of enchant armour {unknown}
 h - a scroll of noise {unknown}
 i - a scroll of amnesia {unknown}
 j - a scroll of magic mapping {unknown}
 l - a scroll of enchant weapon {unknown}
Potions
 d - a potion of might
 f - a potion of degeneration {unknown}


   Skills:
 + Level 4.1 Fighting
 + Level 2.8 Long Blades
 + Level 4.4 Armour
 + Level 0.1 Dodging
 + Level 4.0 Shields


You had 2 spell levels left.
You didn't know any spells.
Your spell library was empty.

Dungeon Overview and Level Annotations

Branches:
Dungeon (2/15)

Altars:

Annotations:
D:2 Sigmund, Terence


Innate Abilities, Weirdness & Mutations

You have a pair of horns on your head.
You reflexively headbutt those who attack you in melee.


Message History

You barely miss the kobold. The kobold closely misses you.
You slash the kobold!
You kill the kobold!
Things that are here:
a +0 club; a stone
Found a stone staircase leading up.
You open the door.
There is an open door here.
As you open the door, it creaks loudly!
There is an open door here.
A bat comes into view.
A bat is nearby!
The bat barely misses you.
You barely miss the bat. You headbutt the bat.
You kill the bat!
l - a scroll labelled MYKOME YCEDD You open the door.
Terence the Incautious comes into view.
He is wielding a +0 morningstar and wearing a +1 scale mail of willpower.
Terence shouts!
Found a scroll labelled MYKOME YCEDD and a throwing net.
Found a stone staircase leading down.
You closely miss Terence. Terence hits you but does no damage.
You hit Terence. You headbutt Terence!
Terence is heavily wounded.
Terence hits you with a +0 morningstar!
You barely miss Terence.
Terence is heavily wounded.
Terence misses you. Terence hits you with a +0 morningstar!
You hit Terence but do no damage. Your headbutt misses Terence.
Terence is heavily wounded.
You block Terence's attack.
You barely miss Terence.
Terence is heavily wounded.
Terence hits you with a +0 morningstar!
* * * LOW HITPOINT WARNING * * *
You closely miss Terence.
Terence is heavily wounded.
Terence barely misses you. You furiously retaliate!
You headbutt Terence, but do no damage. Terence hits you with a +0 morningstar!
You die...

....### #.# #. ....#
#.###. ....# .. #.##..
..### #+ #.# #..... ..#
... #.# ###... .## .(..
####.# #... .# .....
##.##.### ##.. .###
....>.####.......#######..
...+
......'.@@................
.###
..?...####.......#######..
## ..... ###.....## #....
.... #.......# #.### ...
#.......# #.# #######+
#.......# #.# #...r...
###...### #.# #.......
#...# #.# ..@..... ##.##
##.###


You could see Terence.

Vanquished Creatures
  A gnoll (D:1)
  A dart slug (D:1)
  4 ball pythons (D:1)
  6 endoplasms (D:1)
  2 giant cockroaches (D:1)
  2 goblins (D:1)
  2 hobgoblins (D:1)
  3 kobolds
  A quokka (D:1)
  6 bats
28 creatures vanquished.

Notes
Turn   | Place    | Note
-------+----------+-------------------------------------------
     0 | D:1      | Peloso the Minotaur Fighter began the quest for the Orb.
     0 | D:1      | Reached XP level 1. HP: 19/19 MP: 0/0
   234 | D:1      | Reached XP level 2. HP: 25/27 MP: 1/1
   395 | D:1      | Reached XP level 3. HP: 33/33 MP: 2/2
   697 | D:1      | Found a faded altar of an unknown god.
   697 | D:1      | Noticed a Brimstone Fiend
  1019 | D:2      | Noticed Sigmund
  1251 | D:2      | Noticed Terence
  1261 | D:2      | Slain by Terence

Illustrated notes

Levels and vault maps discovered:
D:1:      psy_arrival_statuary, layout_loops_ring,
          dreamdust_ecumenical_altar_sealed_demon
D:2:      layout_loops_corners, uniq_robin, uniq_sigmund, uniq_terence

Skill      XL: |  1  2  3 |
---------------+----------+-----
Armour         | 4 |  4.4
Fighting       | 4 |  4.1
Shields        | 4 |  4.0
Long Blades    | |  2.8
Dodging        | |  0.1

Action                   || total
-------------------------++-------
Melee: Long sword        ||    66
       Headbutt          ||     8
Armor: Scale mail        ||    34
Dodge: Dodged            ||    32
Block: Buckler           ||    17
